 Dungeon Crawl Stone Soup version 0.20.1-1-g8b1a95d (webtiles) character file.

988356 Romulous the Minotaur Barricade (level 27, 0/271 (273) HPs)
             Began as a Minotaur Fighter on Dec 25, 2017.
             Was an Initiate of Gozag.
             Succumbed to an ushabti's dark miasma
             ... on level 3 of the Tomb of the Ancients on Dec 30, 2017.
             The game lasted 12:04:00 (102535 turns).

Romulous the Minotaur Barricade (MiFi)            Turns: 102535, Time: 12:04:04

HP:   0/271 (273)   AC: 52    Str: 50      XL:     27
MP:   46/46         EV: 35    Int: 13      God:    Gozag
Gold: 898           SH: 44    Dex: 19 (21) Spells: 49/49 levels left

rFire    + + +     SeeInvis .   u - +8 war axe of Darkness {freeze, +Blink rF+ Str+5}
rCold    + + +     Gourm    .   M - +10 large shield of Ignorance {rN+ Int-4}
rNeg     + + +     Faith    .   F - +17 gold dragon scales of Calculation {+Inv rElec rPois rF+ rC+ Int+3}
rPois    +         Spirit   .   a - +2 hat {Int+3}
rElec    +         Reflect  +   G - +2 ratskin cloak {+Rats rPois rN+ Str-1 Int-1 Dex+1}
rCorr    +         Harm     .   A - +2 pair of gloves {Dex+3}
MR       ++...     Clarity  +   m - +2 pair of boots of the Nexus {Str+6 Dex-2 Stlth+}
Stlth    +++++.....             x - amulet "Qeuhot" {Reflect rElec rF+ Str+4 Int-3 SH+2 Stlth+}
Regen    0.6/turn               J - ring of the Priest {rElec rC+ rN+ MP+9 Int+4}
MPRegen  0.3/turn               l - +6 ring of dexterity

@: mighty, brilliant, agile, lethally poisoned (0 -> -6), resistant, gold aura,
berserk cooldown, very slightly contaminated, hasted and slowed, bribing [the
Tomb of the Ancients]
A: retaliatory headbutt, horns 2, blink, blurry vision 1, clarity, clumsy 2,
deformed body, wild magic 1
}: 5/15 runes: serpentine, barnacled, slimy, silver, abyssal
a: Blink, Potion Petition, Call Merchant, Bribe Branch, Renounce Religion, Evoke
Blink, Evoke Ratskin, Evoke Invisibility


You were on level 3 of the Tomb of the Ancients.
You worshipped Gozag.
Gozag was pleased with you.
You were full.

You visited 13 branches of the dungeon, and saw 61 of its levels.
You visited the Abyss 18 times.
You also visited: Labyrinth, Trove, Ossuary, Ice Cave and Volcano.

You collected 54734 gold pieces.
You spent 12141 gold pieces at shops.
You paid 41695 gold pieces to Gozag.

Inventory:

Hand Weapons
 p - the +11 glaive "Haynij" {protect, Str+2}
   (You found it on level 2 of the Abyss)

   It protects the one who uses it against injury (+AC on strike).
   It affects your strength (+2).
 u - the +8 war axe of Darkness (weapon) {freeze, +Blink rF+ Str+5}
   (You took it off a deep elf high priest on level 5 of the Vaults)

   It has been specially enchanted to freeze those struck by it, causing extra
   injury to most foes and up to half again as much damage against particularly
   susceptible opponents.
   It can also slow down cold-blooded creatures.
   It affects your strength (+5).
   It protects you from fire.
   It lets you blink.
 Q - the +8 trident "Somy" {pierce, rN+ MR+}
   (You found it on level 5 of the Pits of Slime)

   It inflicts extra damage upon your enemies.
   It protects you from negative energy.
   It affects your resistance to hostile enchantments.
Armour
 a - a +2 hat of intelligence (worn)
 f - the +0 pair of boots of Inference {rC+ rCorr}
   (You bought it in a shop on level 2 of the Orcish Mines)

   It protects you from cold.
   It protects you from acid and corrosion.
 j - the +1 pair of gloves of Ytexurio {Str+3}
   (You bought it in a shop on level 2 of the Vaults)

   It affects your strength (+3).
 m - the +2 pair of boots of the Nexus (worn) {Str+6 Dex-2 Stlth+}
   (You bought it in a shop on level 13 of the Dungeon)

   It affects your strength (+6).
   It affects your dexterity (-2).
   It makes you more stealthy.
 A - a +2 pair of gloves of dexterity (worn)
 F - the +17 gold dragon scales of Calculation (worn) {+Inv rElec rPois rF+ rC+ Int+3}
   (You bought it in a shop on level 2 of the Vaults)

   It affects your intelligence (+3).
   It protects you from fire.
   It protects you from cold.
   It insulates you from electricity.
   It protects you from poison.
   It lets you turn invisible.
 G - the +2 ratskin cloak (worn) {+Rats rPois rN+ Str-1 Int-1 Dex+1}
   (You bought it in a shop on level 3 of the Vaults)

   It affects your strength (-1).
   It affects your intelligence (-1).
   It affects your dexterity (+1).
   It protects you from poison.
   It protects you from negative energy.
 M - the +10 large shield of Ignorance (worn) {rN+ Int-4}
   (You found it on level 5 of the Vaults)

   It affects your intelligence (-4).
   It protects you from negative energy.
 P - a +2 cloak of magic resistance
Jewellery
 e - the ring of Maotar {rN+ Int+4}
   (You found it on level 3 of the Crypt)

   [ring of positive energy]

   It affects your intelligence (+4).
   It protects you from negative energy.
 l - a +6 ring of dexterity (right hand)
 x - the amulet "Qeuhot" (around neck) {Reflect rElec rF+ Str+4 Int-3 SH+2 Stlth+}
   (You bought it in a shop on level 2 of the Elven Halls)

   [amulet of reflection]

   It shields you and reflects attacks.
   It affects your strength (+4).
   It affects your intelligence (-3).
   It protects you from fire.
   It insulates you from electricity.
   It affects your SH (+2).
   It makes you more stealthy.
 B - an uncursed ring of protection from magic
 J - the ring of the Priest (left hand) {rElec rC+ rN+ MP+9 Int+4}
   (You found it on level 3 of the Crypt)

   [ring of positive energy]

   It affects your intelligence (+4).
   It protects you from cold.
   It insulates you from electricity.
   It protects you from negative energy.
   It affects your magic capacity (+9).
 R - the amulet of Vitality {Regen+ HP+15}
   (You bought it in a shop on level 1 of the Shoals)

   [amulet of regeneration]

   It affects your health (+15).
   It increases your rate of regeneration.
 X - a +4 ring of evasion
Wands
 S - a wand of digging (10/24)
Scrolls
 d - 14 scrolls of immolation
 h - 3 scrolls of silence
 n - 7 scrolls of blinking
 o - 34 scrolls of remove curse
 r - 7 scrolls of fog
 t - 11 scrolls of recharging
 y - 32 scrolls of teleportation
 D - 4 scrolls of holy word
 E - 13 scrolls of fear
 H - 3 scrolls of brand weapon
 K - 14 scrolls of magic mapping
 L - 3 scrolls of summoning
 O - 2 scrolls of enchant armour
 U - 12 scrolls of identify
Potions
 b - 6 potions of cancellation
 k - 9 potions of berserk rage
 q - 6 potions of agility
 s - a potion of invisibility
 v - 31 potions of curing
 w - 3 potions of might
 z - 7 potions of brilliance
 C - 4 potions of mutation
 N - 4 potions of resistance
 V - 7 potions of haste
 Y - 6 potions of flight
Miscellaneous
 c - a lamp of fire
 g - a lightning rod (4/4)
 W - a phial of floods
Comestibles
 i - 15 meat rations
 I - 31 fruits
 Z - 8 bread rations


   Skills:
 O Level 27 Fighting
 O Level 27 Axes
 O Level 27 Armour
 O Level 27 Dodging
 + Level 24.4 Stealth
 O Level 27 Shields
 * Level 11.7 Spellcasting
 + Level 5.6 Evocations


You had 49 spell levels left.
You didn't know any spells.

Dungeon Overview and Level Annotations

Branches:
Dungeon (15/15)            Temple (1/1) D:4            Lair (6/6) D:10
 Shoals (4/4) Lair:2        Snake (4/4) Lair:3        Slime (5/5) Lair:5
    Orc (2/2) D:12            Elf (3/3) Orc:2        Vaults (5/5) D:13
  Crypt (3/3) Vaults:3       Tomb (3/3) Crypt:3      Depths (5/5) D:15
    Zot (5/5) Depths:5

Altars:
Ashenzari
Cheibriados
Dithmenos
Elyvilon
Fedhas
Gozag
Hepliaklqana
Kikubaaqudgha
Makhleb
Nemelex Xobeh
Okawaru
Qazlal
Ru
Sif Muna
Trog
Uskayaw
Vehumet
Xom
Yredelemnul
Zin
The Shining One
Jiyva
Lugonu

Shops:
D:8 [   D:9 %   D:12 (   D:13 [   D:15 *   Orc:1 (!   Orc:2 [?[?*(   Elf:1 **
Elf:2 }==   Elf:3 %   Lair:2 (   Lair:5 [   Shoals:1 =}   Snake:3 (
Snake:4 **   Vaults:2 [   Vaults:3 %[:*   Vaults:4 [   Depths:1 =(((
Depths:5 }

Portals:
Hell: Depths:1 Depths:2 Depths:3 Depths:4 Depths:5
Abyss: Depths:1 Depths:3 Depths:4 Depths:5
Pandemonium: Depths:1 Depths:3
Ziggurat: Depths:2


Innate Abilities, Weirdness & Mutations

You reflexively headbutt those who attack you in melee.
You have a pair of horns on your head.
You can translocate small distances at will.
Scrolls take you a little longer to read.
You possess an exceptional clarity of mind.
You are very clumsy. (Dex -4)
Armour fits poorly on your strangely shaped body.
Your spells are a little harder to cast, but a little more powerful.


Message History

The ushabti shakes and rattles.
The vile air hits the storm dragon skeleton.
The storm dragon skeleton is no longer distracted by gold.
The vile air hits the ushabti.
Something barely misses your ushabti.
The guardian mummy is distracted by the nearby gold.
Send 'em back where they came from!
Really read with blurry vision while enemies are nearby?
You are engulfed in dark miasma.
You feel as though you will be slow longer.
* * * LOW HITPOINT WARNING * * *
The ushabti shakes and rattles.
The vile air hits the hungry ghost.
The vile air hits the ushabti.
The vile air hits the guardian mummy.
You block the death scarab's attack. Something hits your ushabti.
You begin reading the scroll.
You continue reading the scroll.
You are engulfed in dark miasma.
You are poisoned.
You feel your flesh rotting away!
* * * LOW HITPOINT WARNING * * *
You die...
Your body crumbles into a pile of gold.

?$..# #§.$$$$# #$$$(#
$....###§W.$$$###$$$?$$#
$$....##.8$8$.##..[$$$($
$$....##.8§MZ.##..$$$$?)$
.......#W$WWWM#....($}$$=$#
$....§§#$.$M§8#....$$$}$$$$
...§§§W8.W$$..M^....$$$($[$$
..§§§.$#.3..8.#^.....$$$$$$$$
..§§§$.#.$$$..#.@s..!.$$$$$$$
....§$##M.$...##^.....$[$$$$$
...§§§##.M....##^.$..^..$$$$$
..§$$##........##.........$$$
.8§§##.!........##<........$
...##..........M.##.......$$
$.##......8.......##......$
.# .....M8MM....M. #....## #
##+##


You could see a greater mummy, 2 guardian mummies, 3 ushabtiu, a freezing
wraith, 2 hungry ghosts, a wraith, a death scarab, a mummy, a storm dragon
skeleton and a friendly ushabti.

Vanquished Creatures
  Dissolution (Slime:2)
  the Royal Jelly (Slime:5)
  Mara (Tomb:1)
  2 orbs of fire (Zot:5)
  A juggernaut (Depths:2)
  9 ancient liches
  Mennas (Vaults:4)
  Sojobo (Depths:4)
  Boris (twice) (Vaults:4 Depths:3)
  32 greater mummies
  Xtahua (Depths:4)
  Frederick (Vaults:2)
  3 Killer Klowns
  Margery (Depths:4)
  Vashnia (Snake:3)
  3 curse toes
  A caustic shrike (Depths:4)
  Jory (Vaults:4)
  11 golden dragons
  Nikola (Snake:3)
  4 profane servitors
  16 bone dragons
  Jorgrun (Snake:3)
  3 electric golems
  2 hellephants
  2 Ice Fiends
  Rupert (Lair:4)
  17 liches
  22 tentacled monstrosities
  Asterion (Depths:2)
  A Hell Sentinel (Abyss:1)
  25 Orb Guardians (Zot:5)
  2 deep elf blademasters (Elf:3)
  An Executioner (Abyss:1)
  4 titans
  10 sphinxes
  18 acid blobs
  2 deep elf master archers
  The ghost of Zeloya the Spawn of Chaos, an adept KoAE of Makhleb (Snake:4)
  7 quicksilver dragons
  48 tentacled starspawn
  10 death cobs
  2 ancient champions
  Polyphemus (Shoals:2)
  12 shadow dragons
  Agnes (D:14)
  Gastronok (Lair:1)
  14 storm dragons
  Kirke (Lair:6)
  3 draconian monks
  9 tengu reavers
  7 nagarajas
  Roxanne (Elf:3)
  6 revenants
  2 daevas (Abyss:1)
  Ilsuiw (Shoals:4)
  8 fire giants
  15 frost giants
  12 azure jellies
  5 draconian knights
  5 balrugs
  8 deep elf sorcerers
  12 vault wardens
  An orc warlord (D:12)
  5 ghost moths
  6 deep elf elementalists
  An iron dragon (Vaults:5)
  10 draconian scorchers
  A ghost moth (shapeshifter) (Abyss:2)
  Louise (Depths:5)
  6 draconian shifters
  5 cacodemons
  3 draconian annihilators
  3 reapers
  18 ironheart preservers
  3 curse skulls (Crypt:3)
  An angel (Abyss:1)
  3 draconian stormcallers (Zot:1)
  28 stone giants
  46 very ugly things
  22 ghouls
  A blood saint (Abyss:1)
  6 vampire knights
  Azrael (D:15)
  4 green draconians
  A caustic shrike skeleton (Crypt:2)
  10 bennus
  4 black draconians
  An ophan (Abyss:1)
  11 deep elf demonologists
  8 deep elf annihilators
  9 purple draconians
  2 lorocyprocas
  10 yellow draconians
  5 white draconians
  A dire elephant (D:15)
  9 red draconians
  6 merfolk javelineers (Shoals:4)
  2 spark wasps (Depths:5)
  17 eidola
  11 fire dragons
  36 ettins
  7 deep elf death magi
  18 mummy priests
  2 green deaths (Abyss:1)
  A crystal guardian (Vaults:3)
  A minotaur (Lab)
  3 quicksilver dragon zombies
  11 jiangshi
  15 merfolk impalers
  3 death oozes (Slime:5)
  27 great orbs of eyes
  10 yaktaur captains
  12 deep elf high priests
  A great orb of eyes (shapeshifter) (Vaults:5)
  2 quicksilver dragon skeletons
  Fannar (Lair:3)
  6 hydras
  3 spriggan air magi
  Erolcha (Orc:1)
  17 ice dragons
  2 merfolk avatars
  12 rakshasas
  29 vault guards
  14 naga warriors
  8 centaur warriors
  18 anacondas
  4 catoblepae
  A ghost crab (Abyss:3)
  7 death knights
  19 ogre magi
  68 two-headed ogres
  5 hell hogs (Abyss:1)
  6 merfolk aquamancers
  12 deep troll earth magi
  A satyr (Shoals:4)
  9 death yaks
  52 death scarabs
  6 vampire magi
  15 deep troll shamans
  28 naga sharpshooters
  2 titan zombies
  Urug (D:12)
  6 spriggan berserkers
  5 tengu warriors
  30 thrashing horrors
  7 orc high priests
  2 shock serpents (shapeshifter) (Vaults:5)
  11 shock serpents
  A titan skeleton (Abyss:3)
  The ghost of wojtek the Cleaver, a novice MiFi of Makhleb (D:7)
  13 spriggans
  22 deep elf knights
  8 sun demons
  A storm dragon zombie (Depths:3)
  24 wretched stars
  19 hell knights
  A golden dragon zombie (Abyss:1)
  A spark wasp zombie (Depths:3)
  9 shadow wraiths
  A fire crab (Abyss:3)
  33 skeletal warriors
  2 salamander mystics
  An anaconda zombie (Abyss:1)
  13 iron trolls
  19 sea snakes
  4 spatial maelstroms
  39 deep trolls
  A shambling mangrove (Abyss:3)
  8 sixfirhies
  6 unseen horrors
  A ghost moth zombie (Crypt:3)
  A kraken simulacrum (Shoals:4)
  2 storm dragon skeletons
  17 flayed ghosts
  18 glowing orange brains
  5 tengu zombies
  2 death drakes (Abyss:1)
  A quicksilver dragon simulacrum (Abyss:1)
  9 deep elf archers
  10 naga ritualists
  2 golden dragon skeletons (Depths:3)
  5 wizards
  5 wolf spider zombies
  A swamp dragon (Zot:4)
  2 anaconda skeletons (Volcano)
  16 necromancers
  16 orc knights
  14 ironbrand convokers
  2 harpies
  21 phantasmal warriors
  2 shadow dragon skeletons
  64 deep elf magi
  4 oklob plants (Lair:5)
  10 mana vipers
  6 orc sorcerers
  3 iron dragon zombies
  14 manticores
  2 stone giant zombies
  3 frost giant zombies
  5 wolf spiders
  10 fauns
  2 fire giant zombies
  A manticore (shapeshifter) (Vaults:5)
  42 ugly things
  21 worldbinders
  A tengu skeleton (Depths:2)
  5 guardian serpents
  9 shining eyes
  33 moths of wrath
  17 salamanders
  18 apocalypse crabs
  7 cyclopes
  A dire elephant zombie (Crypt:3)
  24 eyes of devastation
  2 fire giant skeletons
  The ghost of wojtek the Chopper, a novice MiFi (D:5)
  5 frost giant skeletons
  49 black mambas
  7 elephants
  A spriggan zombie (Depths:3)
  5 rust devils
  A titan simulacrum (Depths:4)
  5 gargoyles
  14 merfolk sirens
  2 stone giant skeletons
  A torpor snail (Lair:6)
  2 ice statues
  8 water nymphs
  12 vault sentinels
  A storm dragon simulacrum (Abyss:1)
  30 naga magi
  38 smoke demons
  8 spiny frogs
  A shock serpent skeleton (Tomb:2)
  85 large abominations
  5 orange demons
  A dire elephant skeleton (Crypt:1)
  A ghost moth simulacrum (Abyss:1)
  A swamp worm zombie (Crypt:1)
  A hellion (Abyss:1)
  A komodo dragon (shapeshifter) (Depths:4)
  2 emperor scorpion zombies
  4 demonic crawlers
  2 tengu conjurers
  A silent spectre (Abyss:1)
  21 yaktaurs
  4 rime drakes
  8 efreet
  9 komodo dragons
  3 tormentors (Abyss:1)
  22 freezing wraiths
  4 anaconda simulacra (IceCv)
  6 ice devils
  8 hellwings (Abyss:1)
  4 kobold demonologists
  39 ancient zymes
  44 guardian mummies
  3 red devils (Abyss:1)
  2 jumping spiders (Crypt:3)
  2 queen bees (shapeshifter)
  A troll (shapeshifter) (Vaults:4)
  4 polar bears (Lair:6)
  3 golden dragon simulacra
  2 harpy zombies
  16 hornets
  46 merfolk
  3 meliai (D:12)
  A queen bee (D:12)
  10 trolls
  2 hydra skeletons
  2 wind drakes
  A fire dragon zombie (Tomb:1)
  A hornet (shapeshifter) (Vaults:3)
  47 slime creatures
  A wind drake (shapeshifter) (Depths:3)
  2 harpy skeletons
  A hippogriff (shapeshifter) (D:14)
  12 hippogriffs
  8 dream sheep
  66 raiju
  2 alligator zombies
  28 blink frogs
  An iron dragon simulacrum (Depths:2)
  4 ettin zombies
  A dream sheep (shapeshifter) (Vaults:5)
  4 bog bodies
  A fire giant simulacrum (Abyss:1)
  A guardian serpent skeleton (Crypt:1)
  14 snapping turtles
  A black mamba zombie (Abyss:1)
  41 ynoxinuls
  61 flying skulls
  3 ice dragon skeletons
  A dire elephant simulacrum (IceCv)
  8 shadows
  10 air elementals
  A redback (shapeshifter) (D:15)
  15 water elementals
  22 yaks
  An elf zombie (Depths:3)
  16 ushabtiu
  2 vampires
  2 fire dragon skeletons
  7 redbacks (Crypt:3)
  A tarantella (shapeshifter) (Depths:3)
  19 wraiths
  7 fire elementals
  A human (shapeshifter) (Vaults:5)
  3 wyverns
  Eustachio (D:6)
  5 fire bats (Abyss:1)
  7 hungry ghosts
  11 golden eyes
  2 hogs (Lair:6)
  3 elf skeletons
  A vampire mosquito (D:13)
  2 basilisks (Lair:6)
  A steam dragon (shapeshifter) (Elf:3)
  2 death yak simulacra (IceCv)
  An iron troll simulacrum (IceCv)
  22 chaos spawn
  22 neqoxecs
  5 spatial vortices
  2 harpy simulacra
  A human simulacrum (Vaults:2)
  9 insubstantial wisps
  A soldier ant (shapeshifter) (Vaults:4)
  6 wargs
  3 acid dragons
  60 nagas
  2 soldier ants (D:9)
  18 water moccasins
  A water moccasin (shapeshifter) (Depths:5)
  9 porcupines
  4 hydra simulacra
  A monstrous demonspawn skeleton (Crypt:1)
  8 hell hounds
  A spiny frog skeleton (Tomb:3)
  5 sky beasts
  7 ice beasts
  An ettin simulacrum (IceCv)
  A swamp drake (Abyss:1)
  58 orc warriors
  3 black bears
  5 phantoms
  A snapping turtle zombie (Tomb:2)
  A black bear (shapeshifter) (Depths:4)
  A human skeleton (Depths:3)
  16 necrophages
  17 eyes of draining
  7 boggarts
  50 ogres
  A snapping turtle skeleton (Abyss:1)
  29 centaurs
  An eye of draining (shapeshifter) (Abyss:1)
  30 wolves
  A manticore skeleton (Tomb:1)
  2 swamp dragon skeletons
  A crocodile (shapeshifter) (Abyss:2)
  Blork the orc (D:6)
  12 crocodiles
  4 big kobolds
  A komodo dragon zombie (Crypt:2)
  10 bullfrogs
  A spiny frog simulacrum (Crypt:1)
  4 earth elementals
  3 scorpions
  11 wyvern skeletons
  2 elephant simulacra (IceCv)
  18 killer bees
  A howler monkey (shapeshifter) (Vaults:2)
  24 wights
  2 spriggan skeletons
  A troll skeleton (Volcano)
  6 howler monkeys
  165 starcursed masses
  2 bullfrog zombies
  7 crimson imps
  17 quasits
  A human zombie (Crypt:2)
  A soldier ant zombie (Crypt:1)
  3 centaur zombies
  9 hounds
  9 centaur skeletons
  A gnoll shaman (D:6)
  34 orc priests
  22 jellies
  26 orc wizards
  96 small abominations
  4 bullfrog skeletons
  15 iron imps
  A black bear skeleton (Crypt:2)
  2 iguanas
  A demonspawn skeleton (Crypt:2)
  13 worker ants
  A porcupine skeleton (Crypt:2)
  2 spriggan simulacra (IceCv)
  5 troll simulacra (IceCv)
  A wolf simulacrum (IceCv)
  2 big kobold zombies (Ossuary)
  4 centaur simulacra (IceCv)
  A big kobold skeleton (Crypt:2)
  A felid skeleton (Crypt:1)
  2 hound zombies (D:9)
  48 mummies
  A howler monkey zombie (Crypt:1)
  16 adders
  15 gnolls
  5 naga simulacra (IceCv)
  2 ogre simulacra (IceCv)
  5 shadow imps
  17 white imps
  28 ufetubi
  2 oozes
  An adder skeleton (D:4)
  5 worms
  2 dart slugs (D:1)
  6 leopard geckos
  132 orcs
  3 ball pythons (Snake:2)
  21 bats
  12 giant cockroaches
  3 gnoll zombies (Ossuary)
  11 goblins
  11 hobgoblins
  11 jackals
  24 kobolds
  3 quokkas
  7 frilled lizards
  A kobold zombie (Ossuary)
  2 orc zombies (Ossuary)
  8 rats
  6 fungi
  3 lurking horrors
  7 plants
  34 starspawn tentacles
  6 tentacles
  12 withered plants (Crypt:3)
4370 creatures vanquished.

Vanquished Creatures (others)
  A greater mummy (Tomb:3)
  A Killer Klown (Zot:5)
  A lich (Tomb:2)
  A tentacled monstrosity (Abyss:3)
  A kraken (Abyss:3)
  A very ugly thing (Abyss:3)
  Nessos (Lair:5)
  4 stone giants
  3 merfolk javelineers
  An ettin (Vaults:5)
  3 yaktaur captains
  A fire dragon (Depths:5)
  35 dancing weapons
  A centaur warrior (Depths:2)
  33 death scarabs
  5 naga sharpshooters
  A deep elf knight (Elf:3)
  3 deep elf archers
  6 cyclopes
  A black mamba (Snake:3)
  13 yaktaurs
  A dream sheep (Shoals:1)
  A water elemental (Shoals:4)
  2 ushabtiu (Tomb:3)
  4 humans (Lair:6)
  An eye of draining (D:15)
  An ogre (Depths:1)
  3 centaurs
  A manticore skeleton (Tomb:2)
  A starcursed mass (Abyss:2)
  2 mummies (Tomb:2)
  3 white imps
  A ball lightning (Tomb:3)
  4 fungi
  A lurking horror (Abyss:1)
  11 plants
  70 starspawn tentacles
  6 tentacles
  8 withered plants (Crypt:3)
238 creatures vanquished.

Grand Total: 4608 creatures vanquished

Notes
Turn   | Place    | Note
-------+----------+-------------------------------------------
     0 | D:1      | Romulous the Minotaur Fighter began the quest for the Orb.
     0 | D:1      | Reached XP level 1. HP: 19/19 MP: 0/0
    88 | D:1      | Reached XP level 2. HP: 26/27 MP: 1/1
   560 | D:1      | Reached XP level 3. HP: 32/33 MP: 2/2
   726 | D:2      | Found a glowing golden altar of the Shining One.
  1068 | D:2      | Reached XP level 4. HP: 29/40 MP: 3/3
  1846 | D:3      | Reached XP level 5. HP: 29/46 MP: 4/4
  2209 | D:3      | Found a shimmering altar of Xom.
  2298 | D:3      | Reached skill level 5 in Axes
  2815 | D:4      | Reached skill level 5 in Shields
  2815 | D:4      | Reached XP level 6. HP: 53/53 MP: 5/5
  2826 | D:4      | Found a sand-covered staircase.
  2831 | Ossuary  | Entered an ossuary
  3090 | Ossuary  | Reached skill level 5 in Fighting
  3367 | D:4      | Found a staircase to the Ecumenical Temple.
  3381 | D:4      | Reached skill level 5 in Armour
  3381 | D:4      | Reached XP level 7. HP: 33/61 MP: 6/6
  3527 | Temple   | Entered the Ecumenical Temple
  3705 | Temple   | Became a worshipper of Gozag Ym Sagoz the Greedy
  3996 | D:5      | Entered Level 5 of the Dungeon
  4121 | D:5      | Found a glowing golden altar of the Shining One.
  4195 | D:5      | Reached XP level 8. HP: 49/70 MP: 7/7
  4215 | D:5      | Noticed wojtek's ghost (novice MiFi)
  4302 | D:5      | Killed wojtek's ghost
  4996 | D:6      | Reached skill level 1 in Dodging
  5003 | D:6      | Noticed Eustachio
  5024 | D:6      | Killed Eustachio
  5096 | D:6      | Noticed a hippogriff
  5106 | D:6      | Killed a hippogriff
  5106 | D:6      | Reached XP level 9. HP: 61/78 MP: 8/8
  5222 | D:6      | Reached skill level 10 in Axes
  5440 | D:6      | Noticed Blork the orc
  5447 | D:6      | Killed Blork the orc
  6098 | D:7      | Noticed wojtek's ghost (novice MiFi)
  6999 | D:7      | Killed wojtek's ghost
  7422 | D:7      | Reached XP level 10. HP: 65/87 MP: 9/9
  7835 | D:8      | Found a white marble altar of Elyvilon.
  7836 | D:8      | Found an ancient bone altar of Kikubaaqudgha.
  8550 | D:8      | Found a glowing silver altar of Zin.
  8550 | D:8      | Found an iron altar of Okawaru.
  8550 | D:8      | Found a shadowy altar of Dithmenos.
  8554 | D:8      | Found a bloodstained altar of Trog.
  8555 | D:8      | Found a stormy altar of Qazlal.
  8725 | D:9      | Paralysed by a hornet for 2 turns
  9946 | D:9      | Found Kuruoh's Food Shop.
 10164 | D:9      | Noticed a two-headed ogre
 10173 | D:9      | Killed a two-headed ogre
 10570 | D:9      | Noticed a two-headed ogre
 10578 | D:9      | Killed a two-headed ogre
 10578 | D:9      | Reached skill level 10 in Armour
 10578 | D:9      | Reached skill level 10 in Shields
 10578 | D:9      | Reached XP level 11. HP: 84/94 MP: 10/10
 10643 | D:10     | Entered Level 10 of the Dungeon
 12061 | D:10     | Noticed a two-headed ogre
 12071 | D:10     | Killed a two-headed ogre
 12230 | D:10     | Found a staircase to the Lair.
 12253 | D:10     | Noticed a two-headed ogre
 12266 | D:10     | Killed a two-headed ogre
 12508 | D:10     | Noticed a two-headed ogre
 12516 | D:10     | Killed a two-headed ogre
 12724 | D:8      | Bought a pair of glowing gloves for 262 gold pieces
 12724 | D:8      | Bought a bloodstained plate armour for 980 gold pieces
 12724 | D:8      | Identified the +9 plate armour of Baldness {Int+6} (You bought it in a shop on level 8 of the Dungeon)
 12867 | D:11     | Noticed a cyan ugly thing
 12879 | D:11     | Killed a cyan ugly thing
 12911 | D:11     | Reached skill level 1 in Stealth
 13530 | D:12     | Noticed Urug
 13545 | D:12     | Killed Urug
 13578 | D:12     | Noticed a two-headed ogre
 13587 | D:12     | Killed a two-headed ogre
 13587 | D:12     | Reached XP level 12. HP: 93/105 MP: 11/11
 13609 | D:12     | Noticed a two-headed ogre
 13622 | D:12     | Killed a two-headed ogre
 13658 | D:12     | Found a labyrinth entrance.
 13675 | Lab      | Entered a labyrinth
 15286 | Lab      | Reached skill level 15 in Axes
 15365 | Lab      | Noticed a minotaur
 15404 | Lab      | Killed a minotaur
 15420 | Lab      | Identified Sif Muna's Handbook of the Entourage and the Oath
 15422 | Lab      | Got a transparent cloak
 15428 | Lab      | Identified the +0 cloak "Ruqifaul" {rF- Dex+7} (You found it in a labyrinth)
 15686 | D:12     | Reached skill level 10 in Fighting
 15703 | D:12     | Found a staircase to the Orcish Mines.
 16930 | Orc:1    | Entered Level 1 of the Orcish Mines
 16962 | Orc:1    | Noticed an orc warlord
 17011 | D:12     | Killed an orc warlord
 17269 | Orc:1    | Noticed Erolcha
 17287 | Orc:1    | Killed Erolcha
 17436 | Orc:1    | Found Lostryof's Distillery.
 17444 | Orc:1    | Bought a potion of heal wounds for 50 gold pieces
 17542 | Orc:2    | Entered Level 2 of the Orcish Mines
 17590 | Orc:2    | Found a staircase to the Elven Halls.
 18401 | Orc:2    | Reached XP level 13. HP: 90/113 MP: 12/12
 20116 | Orc:2    | Found Ashuga Etuo's Antique Armour Emporium.
 20116 | Orc:2    | Found Guhinig's Antique Weapon Emporium.
 20117 | Orc:2    | Found Jeazytun's Magic Scroll Emporium.
 20117 | Orc:2    | Found Opuirr's Magic Scroll Shoppe.
 20144 | Orc:2    | Bought a pair of heavily runed boots for 275 gold pieces
 20149 | Orc:2    | Identified the cursed +0 pair of boots of Inference {rC+ rCorr} (You bought it in a shop on level 2 of the Orcish Mines)
 20238 | Orc:2    | Bought a scroll of identify for 36 gold pieces
 20238 | Orc:2    | Bought a scroll of identify for 36 gold pieces
 20238 | Orc:2    | Bought a scroll of identify for 36 gold pieces
 20238 | Orc:2    | Bought a scroll of fog for 36 gold pieces
 20243 | Orc:2    | Bought a scroll of blinking for 127 gold pieces
 20243 | Orc:2    | Bought a scroll of identify for 34 gold pieces
 20243 | Orc:2    | Bought 2 scrolls of identify for 68 gold pieces
 20243 | Orc:2    | Bought a scroll of enchant weapon for 127 gold pieces
 20510 | Orc:1    | Bought a glowing battleaxe for 313 gold pieces
 21075 | D:13     | Got a shimmering rapier
 21834 | D:13     | Found a gate to the Vaults.
 21917 | D:13     | Reached XP level 14. HP: 114/126 MP: 13/13
 22460 | Lair:1   | Entered Level 1 of the Lair of Beasts
 22462 | Lair:1   | Noticed Gastronok
 22483 | Lair:1   | Killed Gastronok
 22483 | Lair:1   | Reached skill level 15 in Shields
 23076 | Lair:2   | Found a staircase to the Shoals.
 23092 | Lair:2   | Found a dark tunnel.
 23100 | Volcano  | Entered a volcano
 24632 | Lair:3   | Found a staircase to the Snake Pit.
 24700 | Lair:3   | Noticed Fannar
 24709 | Lair:3   | Killed Fannar
 25390 | Lair:4   | Noticed Rupert
 25414 | Lair:4   | Killed Rupert
 26207 | Lair:5   | Noticed Nessos
 26220 | Lair:5   | Killed Nessos
 26381 | Lair:5   | Found a staircase to the Slime Pits.
 26713 | Lair:5   | Reached XP level 15. HP: 133/136 MP: 14/14
 27033 | Lair:6   | Entered Level 6 of the Lair of Beasts
 27062 | Lair:6   | Noticed Kirke
 27076 | Lair:6   | Killed Kirke
 28322 | Shoals:1 | Entered Level 1 of the Shoals
 28434 | Shoals:1 | Bought the amulet of Vitality {Regen+ HP+15} for 1106 gold pieces
 28917 | Shoals:1 | Found Vichi's Gadget Shoppe.
 29638 | Shoals:2 | Noticed Polyphemus
 29644 | Shoals:2 | Reached XP level 16. HP: 147/147 MP: 15/15
 29660 | Shoals:2 | Killed Polyphemus
 29782 | Shoals:2 | Reached skill level 15 in Fighting
 30524 | Shoals:3 | Found a frozen archway.
 30536 | IceCv    | Entered an ice cave
 31044 | IceCv    | Noticed an Ice Fiend
 31435 | IceCv    | Killed an Ice Fiend
 31653 | IceCv    | Got a pair of polished gloves
 31664 | IceCv    | Identified the cursed -5 pair of gloves of Makhleb's Generosity {rC+ rCorr MP-9} (You found it in an ice cave)
 32283 | Shoals:4 | Entered Level 4 of the Shoals
 32859 | Shoals:4 | Reached XP level 17. HP: 158/158 MP: 16/16
 33431 | Shoals:4 | Got a barnacled rune of Zot
 33504 | Shoals:4 | Noticed Ilsuiw
 33518 | Shoals:4 | Killed Ilsuiw
 33881 | Snake:1  | Entered Level 1 of the Snake Pit
 34514 | Snake:1  | Reached skill level 15 in Armour
 34514 | Snake:1  | Reached skill level 5 in Dodging
 34514 | Snake:1  | Reached XP level 18. HP: 168/168 MP: 17/17
 35865 | Snake:2  | Found a runed gate.
 35866 | Snake:2  | Found a runed gate.
 35867 | Snake:2  | Found a runed gate.
 36076 | Snake:3  | Reached XP level 19. HP: 163/177 MP: 18/18
 36493 | Snake:3  | Noticed Nikola
 36504 | Snake:3  | Killed Nikola
 36617 | Snake:3  | Noticed Vashnia
 36845 | Snake:3  | Killed Vashnia
 36845 | Snake:3  | Reached skill level 5 in Stealth
 37219 | Snake:3  | Noticed Jorgrun
 37227 | Snake:3  | Killed Jorgrun
 37311 | Snake:4  | Entered Level 4 of the Snake Pit
 37314 | Snake:4  | Bought 2 potions of heal wounds for 120 gold pieces
 37314 | Snake:4  | Bought a scroll of identify for 24 gold pieces
 37314 | Snake:4  | Bought a scroll of identify for 24 gold pieces
 37314 | Snake:4  | Bought a scroll of enchant armour for 90 gold pieces
 37355 | Snake:4  | Noticed Zeloya's ghost (adept KoAE)
 37357 | Snake:4  | Found Watecs's General Store.
 37384 | Snake:4  | Killed Zeloya's ghost
 38482 | Snake:4  | Reached XP level 20. HP: 184/187 MP: 19/19
 38512 | Snake:4  | Got a serpentine rune of Zot
 39258 | D:14     | Found a blossoming altar of Fedhas.
 39511 | D:14     | Noticed Agnes
 39521 | D:14     | Killed Agnes
 39863 | D:15     | Entered Level 15 of the Dungeon
 39942 | D:15     | Noticed Azrael
 39966 | D:15     | Killed Azrael
 40242 | D:15     | Found a staircase to the Depths.
 40632 | D:15     | Bought a potion of berserk rage for 190 gold pieces
 40632 | D:15     | Bought a scroll of enchant weapon for 285 gold pieces
 40632 | D:15     | Bought a potion of heal wounds for 190 gold pieces
 40632 | D:15     | Bought a scroll of enchant armour for 285 gold pieces
 40917 | Elf:1    | Entered Level 1 of the Elven Halls
 41277 | Elf:1    | Found Cidek's General Store.
 41334 | Elf:1    | Identified Sif Muna's Incunabulum of the Entourage
 42204 | Elf:2    | Found Ritalack's Jewellery Shop.
 42206 | Elf:2    | Found Xaickant's Gadget Shoppe.
 42208 | Elf:2    | Found Ylove's Jewellery Shop.
 42229 | Elf:2    | Bought an uncursed ring of protection from magic for 275 gold pieces
 42229 | Elf:2    | Bought the amulet "Qeuhot" {Reflect rElec rF+ Str+4 Int-3 SH+2 Stlth+} for 367 gold pieces
 42391 | Elf:2    | Found a runed gate.
 42419 | Elf:2    | Found a runed gate.
 42421 | Elf:2    | Found a runed gate.
 43182 | Elf:3    | Entered Level 3 of the Elven Halls
 43187 | Elf:3    | Noticed Roxanne
 43208 | Elf:3    | Killed Roxanne
 43210 | Elf:3    | Identified Roxanne's Almanac of Moulding (You took it off Roxanne on level 3 of the Elven Halls)
 43227 | Elf:3    | Reached XP level 21. HP: 196/196 MP: 20/20
 43541 | Elf:3    | Reached skill level 10 in Dodging
 43710 | Elf:3    | Found Hanomi's Food Emporium.
 43732 | Elf:3    | Bought a meat ration for 65 gold pieces
 43732 | Elf:3    | Bought a meat ration for 65 gold pieces
 43990 | Elf:3    | Cast into level 3 of the Abyss (a deep elf demonologist)
 44119 | Elf:3    | Escaped the Abyss
 44914 | Elf:3    | Cast into level 2 of the Abyss (a deep elf demonologist)
 45144 | Abyss:2  | Paralysed by accursed screaming for 1 turns
 45506 | Abyss:2  | Gained mutation: You are clumsy. (Dex -2) [a neqoxec]
 45507 | Abyss:2  | Gained mutation: Scrolls take you a little longer to read. [a neqoxec]
 45642 | Elf:3    | Escaped the Abyss
 45879 | Elf:3    | Identified a scroll of acquirement
 46179 | Elf:3    | Identified the amulet of Zifeugu {Gourm Str+4} (You found it on level 3 of the Elven Halls)
 46294 | Elf:3    | Identified the +6 morningstar "Imp's Foe" {crush, rPois} (You found it on level 3 of the Elven Halls)
 46761 | Vaults:1 | Entered Level 1 of the Vaults
 47008 | Vaults:1 | Reached XP level 22. HP: 199/207 MP: 21/21
 47403 | Vaults:1 | Cast into level 2 of the Abyss (a deep elf sorcerer)
 47410 | Abyss:2  | Reached XP level 23. HP: 209/215 MP: 22/22
 47986 | Vaults:1 | Escaped the Abyss
 48615 | Vaults:2 | Found Neisuhee's Antique Armour Shoppe.
 48639 | Vaults:2 | Bought faintly glowing gold dragon scales for 2890 gold pieces
 48641 | Vaults:2 | Identified the +17 gold dragon scales of Calculation {+Inv rElec rPois rF+ rC+ Int+3} (You bought it in a shop on level 2 of the Vaults)
 49290 | Vaults:2 | Noticed Frederick
 49313 | Vaults:2 | Killed Frederick
 50058 | Vaults:3 | Found Jeanorhu's General Store.
 50135 | Vaults:3 | Found Byxomyrph's Armour Emporium.
 50149 | Vaults:3 | Bought the +2 ratskin cloak {+Rats rPois rN+ Str-1 Int-1 Dex+1} for 528 gold pieces
 50160 | Vaults:3 | Found Deusujek's Food Boutique.
 50181 | Vaults:3 | Bought a meat ration for 50 gold pieces
 50181 | Vaults:3 | Bought a meat ration for 50 gold pieces
 50288 | Vaults:3 | Found Tiocab's Book Emporium.
 50488 | Vaults:3 | Found a staircase to the Crypt.
 50904 | Vaults:2 | Bought a pair of dazzling gloves for 323 gold pieces
 50906 | Vaults:2 | Identified the +1 pair of gloves of Ytexurio {Str+3} (You bought it in a shop on level 2 of the Vaults)
 51092 | Vaults:4 | Paralysed by an ogre mage for 7 turns
 51358 | Vaults:4 | Reached XP level 24. HP: 226/226 MP: 22/22
 51550 | Vaults:4 | Noticed Mennas
 51559 | Vaults:4 | Noticed Boris
 51569 | Vaults:4 | Killed Boris
 51603 | Vaults:4 | Killed Mennas
 52010 | Vaults:4 | Noticed Jory
 52032 | Vaults:4 | Killed Jory
 52344 | Vaults:4 | Found Efim's Armour Shop.
 52365 | Vaults:5 | Entered Level 5 of the Vaults
 53268 | Vaults:5 | Identified the +8 glaive "Uttopt" {drain, rElec rPois Str+3} (You found it on level 5 of the Vaults)
 53473 | Vaults:5 | Identified the +8 war axe of Darkness {freeze, +Blink rF+ Str+5} (You took it off a deep elf high priest on level 5 of the Vaults)
 53522 | Vaults:5 | Reached XP level 25. HP: 237/237 MP: 22/22
 53891 | Vaults:5 | Identified the amulet "Odaxkuomoe" {RegenMP *Corrode +Blink Int+3} (You found it on level 5 of the Vaults)
 54245 | Vaults:5 | Got a silver rune of Zot
 54927 | D:13     | Bought a pair of jewelled boots for 351 gold pieces
 54927 | D:13     | Bought a pair of transparent gloves for 351 gold pieces
 54929 | D:13     | Identified the cursed +0 pair of gloves of Truth {Str+3} (You bought it in a shop on level 13 of the Dungeon)
 54931 | D:13     | Identified the +2 pair of boots of the Nexus {Str+6 Dex-2 Stlth+} (You bought it in a shop on level 13 of the Dungeon)
 55031 | Depths:1 | Entered Level 1 of the Depths
 55066 | Depths:1 | Found a runed door.
 55090 | Depths:1 | Reached skill level 15 in Dodging
 55190 | Depths:1 | Found a corrupted altar of Lugonu.
 55191 | Depths:1 | Found a one-way gate to the infinite horrors of the Abyss.
 55390 | Depths:1 | Found a gateway to Hell.
 55441 | Depths:1 | Found a one-way gate leading to the halls of Pandemonium.
 55454 | Depths:1 | Found a shimmering altar of Xom.
 55581 | Depths:1 | Found a portal to a secret trove of treasure.
 56019 | Depths:2 | Noticed Asterion
 56031 | Depths:2 | Killed Asterion
 56495 | Depths:2 | Reached XP level 26. HP: 248/248 MP: 22/22
 56522 | Depths:2 | Noticed a juggernaut
 56538 | Depths:2 | Killed a juggernaut
 56608 | Depths:2 | Identified the +2 dire flail of Zin's Delight {flame, rF+ MR+ Dex+2} (You found it on level 2 of the Depths)
 56804 | Depths:2 | Found a gateway to a ziggurat.
 57489 | Depths:3 | Reached skill level 27 in Shields
 57524 | Depths:3 | Noticed Boris
 57594 | Depths:3 | Killed Boris
 58100 | Depths:4 | Noticed Margery
 58111 | Depths:4 | Killed Margery
 58701 | Depths:4 | Noticed Sojobo
 58716 | Depths:4 | Killed Sojobo
 59486 | Depths:4 | Reached XP level 27. HP: 235/260 MP: 7/22
 59970 | Depths:4 | Noticed Xtahua
 59981 | Depths:4 | Killed Xtahua
 60439 | Depths:5 | Entered Level 5 of the Depths
 60726 | Orc:2    | Bought a scroll of blinking for 127 gold pieces
 60728 | Orc:2    | Bought ice dragon scales for 1800 gold pieces
 60742 | Orc:2    | Bought a scroll of teleportation for 123 gold pieces
 60742 | Orc:2    | Bought a scroll of identify for 82 gold pieces
 61040 | Depths:5 | Found Otteecsi's Quality Used Wands.
 61196 | Depths:5 | Noticed Louise
 61224 | Depths:5 | Killed Louise
 62076 | Depths:5 | Found a gate to the Realm of Zot.
 62792 | Slime:1  | Entered Level 1 of the Pits of Slime
 62794 | Slime:1  | Gained mutation: You tend to lose your temper in combat. [a shining eye]
 62845 | Slime:1  | Gained mutation: You do not regenerate when monsters are visible. [a shining eye]
 62848 | Slime:1  | Gained mutation: Your body sometimes deteriorates upon taking damage. [a shining eye]
 63009 | Slime:2  | Noticed Dissolution
 63017 | Slime:2  | Killed Dissolution
 63203 | Slime:3  | Gained mutation: Your body often deteriorates upon taking damage. [a shining eye]
 63206 | Slime:3  | Gained mutation: Scrolls take you longer to read. [a shining eye]
 63212 | Slime:3  | Gained mutation: You are weak. (Str -2) [a shining eye]
 63464 | Slime:4  | Paralysed by a great orb of eyes for 3 turns
 63474 | Slime:4  | Reached skill level 27 in Axes
 63935 | Slime:4  | Lost mutation: You are weak. (Str -2) [potion of mutation]
 63935 | Slime:4  | Lost mutation: Your body often deteriorates upon taking damage. [potion of mutation]
 63935 | Slime:4  | Gained mutation: Scrolls take you much longer to read. [potion of mutation]
 63935 | Slime:4  | Gained mutation: You are robust. (+10% HP) [potion of mutation]
 63935 | Slime:4  | Gained mutation: You have large cloven feet. [potion of mutation]
 63935 | Slime:4  | Gained mutation: Your muscles are strong. (Str +2) [potion of mutation]
 63982 | Slime:5  | Entered Level 5 of the Pits of Slime
 64023 | Slime:5  | Gained mutation: Your magical capacity is low. (-10% MP) [a shining eye]
 64059 | Slime:5  | Paralysed by a great orb of eyes for 2 turns
 64549 | Slime:5  | Gained mutation: You expend magic power (3 MP) to strengthen your wands. [a shining eye]
 64612 | Slime:5  | Noticed the Royal Jelly
 64613 | Slime:5  | Found a viscous altar of Jiyva.
 64620 | Slime:5  | Killed the Royal Jelly
 64740 | Slime:5  | Got a slimy rune of Zot
 64741 | Slime:5  | Identified Narukaot's Arcane Secrets of Spellweaving
 64833 | Slime:5  | Identified the +8 trident "Somy" {pierce, rN+ MR+} (You found it on level 5 of the Pits of Slime)
 65257 | D:10     | Lost mutation: Your magical capacity is low. (-10% MP) [potion of mutation]
 65257 | D:10     | Lost mutation: You tend to lose your temper in combat. [potion of mutation]
 65257 | D:10     | Lost mutation: Scrolls take you much longer to read. [potion of mutation]
 65257 | D:10     | Lost mutation: Scrolls take you longer to read. [potion of mutation]
 65257 | D:10     | Gained mutation: You are resistant to electric shocks. (rElec) [potion of mutation]
 65258 | D:10     | Lost mutation: Your body sometimes deteriorates upon taking damage. [potion of mutation]
 65258 | D:10     | Lost mutation: Scrolls take you a little longer to read. [potion of mutation]
 65258 | D:10     | Lost mutation: You are robust. (+10% HP) [potion of mutation]
 65258 | D:10     | Lost mutation: You do not regenerate when monsters are visible. [potion of mutation]
 65258 | D:10     | Gained mutation: Your body sometimes deteriorates upon taking damage. [potion of mutation]
 65258 | D:10     | Gained mutation: Your flesh is cold resistant. (rC+) [potion of mutation]
 65259 | D:10     | Lost mutation: You have large cloven feet. [potion of mutation]
 65259 | D:10     | Lost mutation: Your body sometimes deteriorates upon taking damage. [potion of mutation]
 65259 | D:10     | Lost mutation: You are resistant to electric shocks. (rElec) [potion of mutation]
 65259 | D:10     | Lost mutation: You are clumsy. (Dex -2) [potion of mutation]
 65259 | D:10     | Lost mutation: Your muscles are strong. (Str +2) [potion of mutation]
 65259 | D:10     | Gained mutation: You are weak. (Str -2) [potion of mutation]
 65259 | D:10     | Lost mutation: You expend magic power (3 MP) to strengthen your wands. [potion of mutation]
 65259 | D:10     | Gained mutation: Your magical capacity is low. (-10% MP) [potion of mutation]
 65259 | D:10     | Gained mutation: You evolve. [potion of mutation]
 65260 | D:10     | Lost mutation: You are weak. (Str -2) [potion of mutation]
 65260 | D:10     | Lost mutation: Your magical capacity is low. (-10% MP) [potion of mutation]
 65260 | D:10     | Lost mutation: Your flesh is cold resistant. (rC+) [potion of mutation]
 65260 | D:10     | Lost mutation: You evolve. [potion of mutation]
 65260 | D:10     | Gained mutation: You are frail. (-10% HP) [potion of mutation]
 65260 | D:10     | Gained mutation: Your spells are a little easier to cast, but a little less powerful. [potion of mutation]
 65260 | D:10     | Gained mutation: Your flesh is heat resistant. (rF+) [potion of mutation]
 65261 | D:10     | Lost mutation: You are frail. (-10% HP) [potion of mutation]
 65261 | D:10     | Lost mutation: Your spells are a little easier to cast, but a little less powerful. [potion of mutation]
 65261 | D:10     | Lost mutation: Your flesh is heat resistant. (rF+) [potion of mutation]
 65261 | D:10     | Gained mutation: You have sharp toenails. [potion of mutation]
 65261 | D:10     | Gained mutation: You are weak. (Str -2) [potion of mutation]
 65261 | D:10     | Gained mutation: You are partially covered in yellow scales. (AC +2) [potion of mutation]
 65262 | D:10     | Lost mutation: You are partially covered in yellow scales. (AC +2) [potion of mutation]
 65262 | D:10     | Lost mutation: You are weak. (Str -2) [potion of mutation]
 65262 | D:10     | Lost mutation: You have sharp toenails. [potion of mutation]
 65262 | D:10     | Gained mutation: Scrolls take you a little longer to read. [potion of mutation]
 65262 | D:10     | Gained mutation: You do not regenerate when monsters are visible. [potion of mutation]
 65262 | D:10     | Gained mutation: You are dopey. (Int -2) [potion of mutation]
 65262 | D:10     | Gained mutation: Your system is resistant to poisons. (rPois) [potion of mutation]
 65263 | D:10     | Lost mutation: Scrolls take you a little longer to read. [potion of mutation]
 65263 | D:10     | Lost mutation: Your system is resistant to poisons. (rPois) [potion of mutation]
 65263 | D:10     | Lost mutation: You are dopey. (Int -2) [potion of mutation]
 65263 | D:10     | Lost mutation: You do not regenerate when monsters are visible. [potion of mutation]
 65263 | D:10     | Gained mutation: You can translocate small distances at will. [potion of mutation]
 65263 | D:10     | Gained mutation: You are clumsy. (Dex -2) [potion of mutation]
 65263 | D:10     | Gained mutation: You possess an exceptional clarity of mind. [potion of mutation]
 65792 | Crypt:1  | Entered Level 1 of the Crypt
 66342 | Crypt:1  | Reached skill level 1 in Evocations
 67456 | Crypt:3  | Entered Level 3 of the Crypt
 67621 | Crypt:3  | Found a basalt altar of Yredelemnul.
 68590 | Crypt:3  | Found a staircase to the Tomb.
 68593 | Crypt:3  | Reached skill level 27 in Fighting
 68838 | Crypt:3  | Identified the +11 whip of the Saviour {flame, rElec rPois} (You found it on level 3 of the Crypt)
 69404 | Crypt:3  | Identified Sif Muna's Disquisition on Spatial Conjuration
 69550 | Crypt:3  | Noticed an ancient lich
 69565 | Crypt:3  | Killed an ancient lich
 70425 | Crypt:3  | Got a warped granite ring
 70426 | Crypt:3  | Identified the ring of Maotar {rN+ Int+4} (You found it on level 3 of the Crypt)
 70427 | Crypt:3  | Identified the ring of the Priest {rElec rC+ rN+ MP+9 Int+4} (You found it on level 3 of the Crypt)
 70604 | Tomb:1   | Entered Level 1 of the Tomb of the Ancients
 70891 | Tomb:1   | Paralysed by a sphinx for 7 turns
 71115 | Tomb:1   | Noticed Mara
 71132 | Tomb:1   | Noticed Romulous's illusion
 71135 | Tomb:1   | Killed Mara
 71648 | Depths:1 | You paid a toll of +6 ice dragon scales to enter a treasure trove
 71649 | Trove    | Entered a treasure trove
 71676 | Trove    | Identified the amulet "Bioxetot" {rC- Regen+ Str+2 Int+2} (You found it in a treasure trove)
 71679 | Trove    | Identified the scarf of Anismotz {rPois rN+ Int+4} (You found it in a treasure trove)
 72161 | Tomb:1   | Noticed a greater mummy
 72172 | Tomb:1   | Killed a greater mummy
 72682 | Tomb:1   | Paralysed by a lich for 5 turns
 72817 | Tomb:1   | Noticed a greater mummy
 72826 | Tomb:1   | Killed a greater mummy
 72883 | Tomb:2   | Noticed a greater mummy
 72883 | Tomb:2   | Noticed a greater mummy
 72893 | Tomb:2   | Killed a greater mummy
 72901 | Tomb:2   | Noticed a greater mummy
 72901 | Tomb:2   | Noticed a greater mummy
 72909 | Tomb:2   | Killed a greater mummy
 72913 | Tomb:2   | Killed a greater mummy
 72927 | Tomb:2   | Killed a greater mummy
 72965 | Tomb:2   | HP: 9/273 [guardian mummy's death curse (31)]
 73888 | Tomb:1   | Noticed a greater mummy
 73901 | Tomb:1   | Killed a greater mummy
 74010 | Tomb:1   | Noticed a greater mummy
 74013 | Tomb:1   | Noticed a greater mummy
 74023 | Tomb:1   | Killed a greater mummy
 74023 | Tomb:1   | Reached skill level 27 in Armour
 74032 | Tomb:1   | Killed a greater mummy
 74049 | Tomb:1   | Noticed a greater mummy
 74058 | Tomb:1   | Killed a greater mummy
 74436 | Tomb:1   | Noticed a greater mummy
 74447 | Tomb:1   | Killed a greater mummy
 74476 | Tomb:1   | Noticed a greater mummy
 74485 | Tomb:1   | Killed a greater mummy
 74494 | Tomb:1   | Noticed a greater mummy
 74501 | Tomb:1   | Killed a greater mummy
 74790 | Tomb:1   | Noticed a greater mummy
 74797 | Tomb:1   | Noticed a greater mummy
 74808 | Tomb:1   | Killed a greater mummy
 74809 | Tomb:1   | Noticed a greater mummy
 74815 | Tomb:1   | Killed a greater mummy
 74824 | Tomb:1   | Killed a greater mummy
 75245 | Tomb:1   | Noticed a greater mummy
 75258 | Tomb:1   | Killed a greater mummy
 75546 | Tomb:1   | Noticed a greater mummy
 75559 | Tomb:1   | Killed a greater mummy
 75794 | Tomb:1   | Noticed a greater mummy
 75806 | Tomb:1   | Killed a greater mummy
 75848 | Tomb:1   | Noticed a greater mummy
 75858 | Tomb:1   | Killed a greater mummy
 76136 | Tomb:1   | Noticed a greater mummy
 76138 | Tomb:1   | Noticed a greater mummy
 76147 | Tomb:1   | Killed a greater mummy
 76159 | Tomb:1   | Killed a greater mummy
 76169 | Tomb:1   | Noticed a greater mummy
 76190 | Tomb:1   | Killed a greater mummy
 76374 | Tomb:1   | Noticed a greater mummy
 76380 | Tomb:1   | Noticed a greater mummy
 76383 | Tomb:1   | Killed a greater mummy
 76397 | Tomb:1   | Killed a greater mummy
 76407 | Tomb:1   | Noticed a greater mummy
 76428 | Tomb:1   | Killed a greater mummy
 77338 | Tomb:3   | Entered Level 3 of the Tomb of the Ancients
 77385 | Tomb:3   | Noticed a greater mummy
 77402 | Tomb:3   | Killed a greater mummy
 77415 | Tomb:3   | Noticed a greater mummy
 77438 | Tomb:3   | Noticed a greater mummy
 77909 | Tomb:3   | Noticed a greater mummy
 77911 | Tomb:3   | Noticed a greater mummy
 77916 | Tomb:3   | Noticed a greater mummy
 77916 | Tomb:3   | Killed a greater mummy
 77917 | Tomb:3   | Noticed a greater mummy
 77917 | Tomb:3   | Noticed a greater mummy
 78757 | Tomb:3   | Noticed a greater mummy
 79320 | Tomb:1   | Noticed a greater mummy
 79330 | Tomb:1   | Killed a greater mummy
 79330 | Tomb:1   | Reached skill level 1 in Spellcasting
 79857 | Depths:1 | Voluntarily entered the Abyss.
 79982 | Abyss:2  | Found a roughly hewn altar of Beogh.
 80012 | Abyss:2  | Gained mutation: You are robust. (+10% HP) [a neqoxec]
 80326 | Abyss:2  | Identified the +11 glaive "Haynij" {protect, Str+2} (You found it on level 2 of the Abyss)
 80598 | Abyss:3  | Found a corrupted altar of Lugonu.
 80679 | Abyss:3  | Gained mutation: Your spells are a little harder to cast, but a little more powerful. [a neqoxec]
 80862 | Abyss:3  | Got an abyssal rune of Zot
 81046 | Depths:1 | Escaped the Abyss
 81055 | Depths:1 | Voluntarily entered the Abyss.
 81130 | Abyss:1  | Found a corrupted altar of Lugonu.
 81490 | Depths:1 | Escaped the Abyss
 81529 | Depths:1 | Voluntarily entered the Abyss.
 81594 | Abyss:1  | Reached skill level 5 in Spellcasting
 81596 | Depths:1 | Escaped the Abyss
 81912 | Depths:1 | Voluntarily entered the Abyss.
 82083 | Depths:1 | Escaped the Abyss
 82085 | Depths:1 | Voluntarily entered the Abyss.
 82213 | Abyss:1  | Found a corrupted altar of Lugonu.
 82383 | Depths:1 | Escaped the Abyss
 82390 | Depths:1 | Voluntarily entered the Abyss.
 82390 | Abyss:1  | Found a corrupted altar of Lugonu.
 82440 | Abyss:1  | Found a snail-covered altar of Cheibriados.
 82763 | Abyss:1  | Gained mutation: You are very clumsy. (Dex -4) [a neqoxec]
 82816 | Abyss:1  | Reached skill level 10 in Stealth
 83037 | Abyss:1  | Found an iron altar of Okawaru.
 83085 | Abyss:1  | Found a corrupted altar of Lugonu.
 83210 | Depths:1 | Escaped the Abyss
 83253 | Depths:1 | Voluntarily entered the Abyss.
 83820 | Abyss:1  | Found a hazy altar of Hepliaklqana.
 84251 | Abyss:1  | Paralysed by accursed screaming for 1 turns
 84440 | Depths:1 | Escaped the Abyss
 84442 | Depths:1 | Voluntarily entered the Abyss.
 84517 | Abyss:1  | Noticed an ancient lich
 84527 | Abyss:1  | Killed an ancient lich
 84899 | Abyss:1  | Found a corrupted altar of Lugonu.
 84971 | Abyss:1  | Found a corrupted altar of Lugonu.
 85010 | Abyss:1  | Found a burning altar of Makhleb.
 85819 | Depths:1 | Escaped the Abyss
 85828 | Depths:1 | Voluntarily entered the Abyss.
 86960 | Abyss:1  | Gained mutation: You are weak. (Str -2) [a cacodemon]
 87005 | Depths:1 | Escaped the Abyss
 87134 | Depths:1 | Voluntarily entered the Abyss.
 87283 | Abyss:1  | Paralysed by accursed screaming for 2 turns
 87293 | Abyss:1  | Paralysed by accursed screaming for 2 turns
 87592 | Abyss:1  | Paralysed by accursed screaming for 1 turns
 87749 | Abyss:1  | Found a corrupted altar of Lugonu.
 87779 | Depths:1 | Escaped the Abyss
 87782 | Depths:1 | Voluntarily entered the Abyss.
 88025 | Abyss:1  | Found a corrupted altar of Lugonu.
 88068 | Abyss:1  | Found a corrupted altar of Lugonu.
 88498 | Abyss:1  | Reached skill level 15 in Stealth
 88689 | Abyss:1  | Found a corrupted altar of Lugonu.
 88694 | Depths:1 | Escaped the Abyss
 90427 | Depths:1 | Voluntarily entered the Abyss.
 91480 | Depths:1 | Escaped the Abyss
 91490 | Depths:1 | Voluntarily entered the Abyss.
 91494 | Abyss:1  | Found a corrupted altar of Lugonu.
 91635 | Abyss:1  | Gained mutation: Scrolls take you a little longer to read. [a neqoxec]
 92085 | Abyss:1  | Paralysed by you for 6 turns
 92281 | Abyss:1  | Identified the +3 hand axe of Cruel Justice {speed, +Rage SInv} (You found it on level 1 of the Abyss)
 92756 | Abyss:1  | Found a corrupted altar of Lugonu.
 92837 | Abyss:1  | Paralysed by you for 7 turns
 92963 | Abyss:1  | Found a basalt altar of Yredelemnul.
 93088 | Depths:1 | Escaped the Abyss
 93092 | Depths:1 | Voluntarily entered the Abyss.
 93111 | Abyss:1  | Found a corrupted altar of Lugonu.
 94446 | Abyss:1  | Lost mutation: You are robust. (+10% HP) [a cacodemon]
 94905 | Abyss:1  | Noticed an ancient lich
 94920 | Abyss:1  | Killed an ancient lich
 94972 | Abyss:1  | Found a hide-covered altar of Uskayaw.
 95055 | Depths:1 | Escaped the Abyss
 95338 | Zot:1    | Entered Level 1 of the Realm of Zot
 95583 | Zot:1    | Identified the ring "Evvohag" {*Tele +Fly rN+ Str+3} (You found it on level 1 of the Realm of Zot)
 97863 | Zot:3    | Reached skill level 10 in Spellcasting
 99496 | Zot:5    | Entered Level 5 of the Realm of Zot
 99676 | Zot:5    | Noticed an orb of fire
 99686 | Zot:5    | Gained mutation: Armour fits poorly on your strangely shaped body. [an orb of fire]
 99688 | Zot:5    | Killed an orb of fire
 99688 | Zot:5    | Reached skill level 27 in Dodging
 99748 | Zot:5    | Identified the amulet "Tyrhyzah" {Harm *Drain Int+2} (You acquired it on level 5 of the Realm of Zot)
 99802 | Zot:5    | Noticed an ancient lich
 99811 | Zot:5    | Noticed an ancient lich
 99814 | Zot:5    | Killed an ancient lich
 99821 | Zot:5    | Killed an ancient lich
 99823 | Zot:5    | Noticed an ancient lich
 99827 | Zot:5    | Noticed an orb of fire
 99834 | Zot:5    | Lost mutation: You are weak. (Str -2) [an orb of fire]
 99837 | Zot:5    | Killed an orb of fire
 99837 | Zot:5    | Reached skill level 5 in Evocations
 99842 | Zot:5    | Noticed an ancient lich
 99844 | Zot:5    | Killed an ancient lich
 99852 | Zot:5    | Killed an ancient lich
 99858 | Zot:5    | Noticed an ancient lich
 99865 | Zot:5    | Killed an ancient lich
100451 | Zot:5    | Noticed an ancient lich
100461 | Zot:5    | Killed an ancient lich
101216 | Depths:1 | Voluntarily entered the Abyss.
101291 | Abyss:1  | Found a hazy altar of Hepliaklqana.
101372 | Abyss:1  | Found a hazy altar of Hepliaklqana.
101560 | Abyss:1  | Found a corrupted altar of Lugonu.
101688 | Depths:1 | Escaped the Abyss
102504 | Tomb:3   | Killed a greater mummy
102514 | Tomb:3   | Killed a greater mummy
102519 | Tomb:3   | HP: 18/409 [greater mummy (3)]
102521 | Tomb:3   | HP: 8/409 [poisoned by an ushabti (dark miasma)]
102524 | Tomb:3   | Killed a greater mummy
102525 | Tomb:3   | HP: 2/273 [poisoned by an ushabti (dark miasma)]
102532 | Tomb:3   | HP: 2/272 [ushabti] (11)]
102535 | Tomb:3   | Succumbed to an ushabti's dark miasma

Skill      XL: |  1  2  3  4  5  6  7  8  9 10 11 12 13 14 15 16 17 18 19 20 21 22 23 24 25 26 27 |
---------------+----------------------------------------------------------------------------------+-----
Armour         | 4 5 7 8 10 11 12 13 14 15 16 17 18 19 21 22 27 | 27.0
Shields        | 4 5 6 8 10 11 13 14 16 17 19 20 22 23 24 25 26 27 | 27.0
Axes           | 3 4 5 6 8 9 11 13 14 16 17 18 19 20 21 22 23 24 25 26 27 | 27.0
Fighting       | 4 5 6 7 8 9 10 12 13 14 15 16 17 18 19 20 21 22 23 27 | 27.0
Dodging        | 1 2 3 5 7 9 11 12 13 14 15 16 27 | 27.0
Stealth        | 1 2 3 4 5 24 | 24.4
Evocations     | 5 |  5.6
Spellcasting   | 11 | 11.7

Action                   |  1- 3 |  4- 6 |  7- 9 | 10-12 | 13-15 | 16-18 | 19-21 | 22-24 | 25-27 || total
-------------------------+-------+-------+-------+-------+-------+-------+-------+-------+-------++-------
Melee: War axe           |   146 |   211 |   331 |   162 |       |       |       |       |  6076 ||  6926
       Headbutt          |    16 |    32 |    77 |   226 |   379 |   324 |   437 |   308 |  2293 ||  4092
       Broad axe         |       |       |       |   834 |  1206 |   983 |  1378 |   910 |   292 ||  5603
       Battleaxe         |       |       |       |       |    18 |       |       |       |       ||    18
Invok: Call Merchant     |       |       |       |     2 |     2 |     2 |     4 |       |     7 ||    17
       Potion Petition   |       |       |       |       |       |       |       |       |     9 ||     9
       Bribe Branch      |       |       |       |       |       |       |       |       |     2 ||     2
 Abil: Evoke Blink       |       |       |       |       |       |       |       |       |     4 ||     4
       Blink             |       |       |       |       |       |       |       |       |     3 ||     3
       Evoke Ratskin     |       |       |       |       |       |       |       |       |     1 ||     1
Evoke: Wand              |       |       |       |       |       |       |       |       |     2 ||     2
  Use: Scroll            |       |     1 |       |    11 |    24 |     9 |    14 |     8 |    39 ||   106
       Potion            |       |     1 |       |     1 |     3 |     5 |     1 |     1 |    35 ||    47
 Stab: Distracted        |       |       |     1 |     4 |     8 |    20 |     6 |    13 |    95 ||   147
       Petrifying        |       |       |       |       |       |     1 |       |       |       ||     1
       Petrified         |       |       |       |       |       |     1 |       |       |       ||     1
       Invisible         |       |       |       |       |       |       |       |     1 |     4 ||     5
       Paralysed         |       |       |       |       |       |       |       |       |     3 ||     3
       Sleeping          |       |       |       |       |       |       |       |       |     3 ||     3
  Eat: Chunk             |     1 |     6 |       |       |       |       |       |       |       ||     7
       Bread ration      |       |     1 |     2 |     7 |     1 |     3 |     2 |     1 |    10 ||    27
       Meat ration       |       |       |     1 |     2 |     1 |     1 |     4 |     3 |    11 ||    23
       Fruit             |       |       |       |     5 |    11 |     2 |       |     1 |    16 ||    35
       Royal jelly       |       |       |       |     1 |     8 |     3 |     2 |     1 |    26 ||    41
Armor: Scale mail        |    21 |       |       |       |       |       |       |       |       ||    21
       Plate armour      |    66 |   140 |   194 |   305 |   349 |   323 |   264 |    35 |       ||  1676
       Gold dragon scale |       |       |       |       |       |       |       |   197 |  1030 ||  1227
Dodge: Dodged            |    27 |    39 |    64 |   123 |   169 |   151 |   205 |   172 |  1270 ||  2220
Block: Shield            |    66 |   131 |   191 |    34 |       |       |       |       |       ||   422
       Large shield      |       |       |       |   813 |  1067 |  1017 |  1344 |   922 |  6474 || 11637
       Reflection        |       |       |       |     3 |    64 |   121 |   200 |    97 |   170 ||   655
